 Dungeon Crawl Stone Soup version 0.26-b1-32-g5d43845318 (webtiles) character file.

Game seed: 14239104717428908903

65 Borgoz the Ducker (level 4, -9/38 HPs)
             Began as a Ghoul Gladiator on Jan 13, 2021.
             Mangled by Sigmund
             ... wielding a +0 scythe
              (11 damage)
             ... on level 2 of the Dungeon.
             The game lasted 00:02:12 (1515 turns).

Borgoz the Ducker (Ghoul Gladiator)                 Turns: 1515, Time: 00:02:13

Health: -9/38      AC:  4    Str: 17    XL:     4   Next: 13%
Magic:  3/3        EV: 12    Int:  3    God:
Gold:   93         SH:  0    Dex: 11    Spells: 3/3 levels left

rFire    . . .     SeeInvis .   a - +0 flail
rCold    + . .     Faith    .   (no shield)
rNeg     + + +     Spirit   .   b - +0 leather armour
rPois    ∞         Reflect  .   c - +0 helmet
rElec    .         Harm     .   (no cloak)
rCorr    .         Rampage  .   (no gloves)
Will     .....                  (no boots)
Stlth    +.........             (no amulet)
HPRegen  0.00/turn              (no ring)
MPRegen  0.08/turn              (no ring)

@: confused, hasted, very quick
A: claws 1, cold resistance 1, negative energy resistance 3, inhibited
regeneration, torment resistance, unbreathing
a: no special abilities


You were on level 2 of the Dungeon.
You visited 1 branch of the dungeon, and saw 2 of its levels.

You collected 93 gold pieces.

Inventory:

Hand Weapons
 a - a +0 flail (weapon)
Missiles
 d - 3 throwing nets (quivered)
Armour
 b - a +0 leather armour (worn)
 c - a +0 helmet (worn)
Wands
 e - a wand of digging (4)
Scrolls
 g - a scroll of magic mapping {unknown}
 k - a scroll of enchant armour {unknown}
 n - a scroll of amnesia {unknown}
Potions
 f - a potion of magic
 h - a potion of flight
 l - a potion of heal wounds {unknown}


   Skills:
 * Level 3.0 Fighting
 * Level 3.1 Maces & Flails
 - Level 1.7 Throwing
 * Level 1.4 Armour
 * Level 3.2 Dodging


You had 3 spell levels left.
You didn't know any spells.
Your spell library was empty.

Dungeon Overview and Level Annotations

Branches:
Dungeon (2/15)

Altars:

Annotations:
D:2 Sigmund


Innate Abilities, Weirdness & Mutations

You thrive by killing the living.
You are immune to poison.
You have sharp fingernails.
Your flesh is cold resistant. (rC+)
You are immune to negative energy. (rN+++)
You do not regenerate when monsters are visible.
You are immune to unholy pain and torment.
You can survive without breathing.


Message History

You barely miss something. Something hits you!
You closely miss something. Something hits you. Something hits you.
* * * LOW HITPOINT WARNING * * *
It was a potion of berserk rage.
You cannot raise a blood rage in your lifeless body.
You feel less confused.
It was a potion of curing.
You feel better. Something hits you!
* * * LOW HITPOINT WARNING * * *
It was a potion of haste.
You feel yourself speed up.
You hear some strange, mumbled words.
You are confused.
Okay, then.
Something completely misses you.
You completely miss something. Something hits you!
* * * LOW HITPOINT WARNING * * *
Something completely misses you. Something hits you!
You die...

#..#..#.# ###
#..... #(......#
#..... #.##.##.#
#...... #.......#
#.##### ####.####
#### #.
#......#####...
#.#.##.#...#.#
#.#.##.......#
#.#.....@....##...
#.####...{......#
## #. #.......####
##.
#................
##.†
########...######
#... ##### #...
#.)< #.## #..


There were no monsters in sight!

Vanquished Creatures
  Jessica (D:2)
  An adder (D:2)
  An ooze (D:1)
  A dart slug (D:1)
  A leopard gecko (D:2)
  2 giant cockroaches (D:1)
  2 goblins (D:1)
  6 hobgoblins
  A kobold (D:2)
  A ball python (D:2)
  A frilled lizard (D:1)
  5 rats
23 creatures vanquished.

Notes
Turn   | Place    | Note
-------+----------+-------------------------------------------
     0 | D:1      | Borgoz the Ghoul Gladiator began the quest for the Orb.
     0 | D:1      | Reached XP level 1. HP: 17/17 MP: 0/0
   272 | D:1      | Reached XP level 2. HP: 25/25 MP: 1/1
   778 | D:2      | Noticed Jessica
   789 | D:2      | Reached XP level 3. HP: 20/30 MP: 2/2
   791 | D:2      | Reached skill level 1 in Armour
   806 | D:2      | Killed Jessica
  1290 | D:2      | Reached XP level 4. HP: 16/38 MP: 3/3
  1491 | D:2      | Noticed Sigmund
  1515 | D:2      | Mangled by Sigmund

Illustrated notes

Levels and vault maps discovered:
D:1:      saegor_arrival_miasma, layout_loops_ring
D:2:      layout_loops_cross, uniq_sigmund, uniq_jessica

Skill      XL: |  1  2  3 |
---------------+----------+-----
Maces & Flails | 3 |  3.1
Dodging        | 3 |  3.2
Armour         | 1 |  1.4
Fighting       | 3 |  3.0
Throwing       | |  1.7

Action                   |  1- 3 |  4- 6 || total
-------------------------+-------+-------++-------
Melee: Flail             |    94 |     9 ||   103
Throw: Throwing net      |     1 |       ||     1
  Use: Scroll            |     4 |       ||     4
       Potion            |       |     3 ||     3
Armor: Leather armour    |    24 |       ||    24
Dodge: Dodged            |    51 |     2 ||    53
